 Dungeon Sprint DCSS version 0.16-a0-3803-gd4b2de5 (console) character file.

12648 Monkaria the Fencer (level 11, -20/105 HPs)
             Began as a Hill Orc Fighter on Jan 26, 2015.
             Was a High Priest of Makhleb.
             Killed from afar by a frost giant (28 damage)
             ... with a bolt of cold
             ... in the Dungeon (Sprint IX: "|||||||||||||||||||||||||||||").
             The game lasted 00:11:56 (1744 turns).

Monkaria the Fencer (Hill Orc Fighter)              Turns: 1744, Time: 00:11:56

Health: -20/105    AC: 23    Str: 23    XL:     11   Next: 96%
Magic:  29/29      EV:  6    Int: 11    God:    Makhleb [*****.]
Gold:   1581       SH: 15    Dex: 10    Spells: 0 memorised, 10 levels left

rFire  . . .     SeeInvis .     C - +5 scimitar (freeze)
rCold  . . .     Clarity  .     r - +3 chain mail of Loimiat {-Cast -Tele Regen+ rCorr Int+3}
rNeg   . . .     SustAb   .     K - +1 large shield
rPois  .         Gourm    .     p - +0 helmet
rElec  .         Spirit   .     y - +0 cloak
rCorr  +         Warding  .     (no gloves)
rMut   .         NoTele   +     M - +1 pair of boots
MR     +....     NoCast   +     (no amulet)
Stlth  ..........               G - ring of protection from magic
                                s - +2 ring of evasion

@: somewhat resistant to hostile enchantments, extremely unstealthy
A: no striking features
a: Minor Destruction, Lesser Servant of Makhleb, Major Destruction, Greater
Servant of Makhleb, Renounce Religion


You were in the Dungeon.
You worshipped Makhleb.
Makhleb was extremely pleased with you.
You were very hungry.

You visited 1 branch You collected 1900 gold pieces.
You spent 319 gold pieces at shops.

Inventory:

Hand weapons
 u - the cursed +14 obsidian axe {chop, +Fly Str+3 SInv Curse}
   (You found it in the Dungeon)

   It inflicts extra damage upon your enemies.
   It affects your strength (+3).
   It enhances your eyesight.
   It lets you fly.
   It may recurse itself when equipped.
   It has a curse placed upon it.
 C - a +5 scimitar of freezing (weapon)
Armour
 p - a +0 helmet (worn)
 r - the +3 chain mail of Loimiat (worn) {-Cast -Tele Regen+ rCorr Int+3}
   (You bought it in a shop in the Dungeon)

   It affects your intelligence (+3).
   It prevents spellcasting.
   It prevents most forms of teleportation.
   It increases your rate of regeneration.
   It protects you from acid and corrosion.
 y - a +0 cloak (worn)
 B - a +0 plate armour
 J - a +0 shadow dragon armour
 K - a +1 large shield (worn)
 L - a +1 fire dragon armour
 M - a +1 pair of boots (worn)
Jewellery
 s - a +2 ring of evasion (left hand)
 t - a +3 ring of intelligence
 F - an uncursed ring of fire
 G - a ring of protection from magic (right hand)
 H - an uncursed ring of poison resistance
 I - an uncursed amulet of rage
Magical devices
 n - a wand of fire (6)
 D - a wand of random effects (17)
 E - a wand of random effects (26)
Scrolls
 k - 4 scrolls of blinking
 l - 3 scrolls of remove curse
 m - 2 scrolls of amnesia
 v - 4 scrolls of recharging
 O - a scroll of fog
 P - 2 scrolls of enchant weapon
Potions
 b - a potion of agility
 e - 6 potions of might
 f - 6 potions of curing
 g - a potion of invisibility
 h - a potion of haste
 i - 6 potions of magic
 j - 5 potions of heal wounds
 z - a potion of beneficial mutation
 N - a potion of restore abilities
Comestibles
 d - 13 meat rations
 w - 13 bread rations
 A - 40 fruits


   Skills:
 - Level 12.6 Fighting
 - Level 17.5 Long Blades
 - Level 16.1 Armour
 - Level 3.2 Shields
 - Level 16.2 Invocations
 + Level 10.1 Evocations


You had 10 spell levels left.
You didn't know any spells.

Dungeon Overview and Level Annotations

Branches:
Dungeon (1/1)

Altars:
Cheibriados
Dithmenos
Elyvilon
Fedhas
Gozag
Kikubaaqudgha
Makhleb
Nemelex Xobeh
Okawaru
Qazlal
Ru
Sif Muna
Trog
Vehumet
Xom
Yredelemnul
Zin
The Shining One
Beogh
Jiyva
Lugonu

Shops:
D }:[(


Message History

All of the chunks of flesh in your inventory have rotted away.
You hit the frost giant.
The frost giant is heavily wounded.
Evoke which item? (* to show all) (? for menu, Esc to quit)
Zapping:
n - a wand of fire (6)
Press: ? - help, Shift-Dir - straight line, f/p - frost giant
Aim: a frost giant, wielding a battleaxe of freezing (heavily wounded)
Okay, then.
Unknown command.
Use which ability? (? or * to list)
A demon appears!
You are feeling very hungry.
The frost giant hits you with a battleaxe of freezing!!
* * * LOW HITPOINT WARNING * * *
The frost giant freezes you!
* * * LOW HITPOINT WARNING * * *
The frost giant casts a spell at you.
The bolt of cold hits the frost giant.
The frost giant resists.
The bolt of cold hits you!
You die...

▓▓▓▓▓▓▓▓▓▓▓▓▓▓▓▓▓▓▓▓▓▓▓▓▓▓▓▓▓▓▓▓▓
T.eC...)D.†RTeCC@2.....[..[[[...)
▓▓▓▓▓▓▓▓▓▓▓▓▓▓▓▓▓▓▓▓▓▓▓▓▓▓▓▓▓▓▓▓▓
.....)...........................
▓▓▓▓▓▓▓▓▓▓▓▓▓▓▓▓▓▓▓▓▓▓▓▓▓▓▓▓▓▓▓▓▓
..∩.∩.∩.∩).[.))))..).......)))[..
▓▓▓▓▓▓▓▓▓▓▓▓▓▓▓▓▓▓▓▓▓▓▓▓▓▓▓▓▓▓▓▓▓
.................................
▓▓▓▓▓▓▓▓▓▓▓▓▓▓▓▓▓▓▓▓▓▓▓▓▓▓▓▓▓▓▓▓▓
'...........†÷........††.........


You could see 2 frost giants, a fire dragon, a rakshasa, a deep elf knight, a
deep troll earth mage and a friendly green death.

Vanquished Creatures
  2 centaur warriors (D)
  Urug (D)
  A hill giant (D)
  2 orc knights (D)
  4 orc sorcerers (D)
  A gargoyle (D)
  Psyche (D)
  A komodo dragon (D)
  An elf (shapeshifter) (D)
  A basilisk (D)
  A deep elf mage (D)
  A hippogriff (D)
  Grum (D)
  A soldier ant (D)
  4 orc warriors (D)
  A porcupine (D)
  3 wolves (D)
  2 water moccasins (D)
  A sky beast (D)
  A necrophage (D)
  An ice beast (D)
  An ogre (D)
  A wasp (D)
  A boring beetle (D)
  2 crocodiles (D)
  3 giant frogs (D)
  A killer bee (D)
  A jelly (D)
  3 hounds (D)
  An iguana (D)
  6 orc wizards (D)
  A gnoll (D)
  2 adders (D)
  A river rat (D)
  5 orc zombies (D)
  An orc skeleton (D)
  12 orcs (D)
  A giant cockroach (D)
  A hobgoblin (D)
  2 quokkas (D)
  A giant cockroach zombie (D)
  A goblin (D)
  3 kobolds (D)
  2 rats (D)
85 creatures vanquished.

Vanquished Creatures (collateral kills)
  A dire elephant (D)
  A hydra (D)
  2 orc high priests (D)
  2 orc sorcerers (D)
  7 elephants (D)
  A draconian (shapeshifter) (D)
  An ugly thing (D)
  A sixfirhy (D)
  An orange demon (D)
  A blue devil (D)
  4 orc warriors (D)
  An orc priest (D)
  An orc wizard (D)
  2 orcs (D)
26 creatures vanquished.

Vanquished Creatures (others)
  A balrug (D)
  A cacodemon (D)
  A green death (D)
3 creatures vanquished.

Grand Total: 114 creatures vanquished

Notes
Turn   | Place    | Note
--------------------------------------------------------------
     0 | D        | Monkaria, the Hill Orc Fighter, began the quest for the Orb.
     0 | D        | Reached XP level 1. HP: 19/19 MP: 1/1
    23 | D        | Reached skill level 4 in Fighting
    99 | D        | Noticed a sky beast
   108 | D        | Killed a sky beast
   108 | D        | Reached skill level 7 in Fighting
   108 | D        | Reached skill level 8 in Long Blades
   108 | D        | Reached XP level 2. HP: 34/34 MP: 2/2
   108 | D        | Reached XP level 3. HP: 39/39 MP: 3/3
   108 | D        | Reached XP level 4. HP: 47/47 MP: 4/4
   122 | D        | Found a glowing silver altar of Zin.
   122 | D        | Found a glowing golden altar of the Shining One.
   122 | D        | Found an ancient bone altar of Kikubaaqudgha.
   122 | D        | Found a basalt altar of Yredelemnul.
   122 | D        | Found a shimmering altar of Xom.
   122 | D        | Found a radiant altar of Vehumet.
   122 | D        | Found an iron altar of Okawaru.
   123 | D        | Found a burning altar of Makhleb.
   124 | D        | Found a deep blue altar of Sif Muna.
   125 | D        | Found a bloodstained altar of Trog.
   126 | D        | Found a sparkling altar of Nemelex Xobeh.
   127 | D        | Found a white marble altar of Elyvilon.
   128 | D        | Found a roughly hewn altar of Beogh.
   129 | D        | Found a viscous altar of Jiyva.
   130 | D        | Found a corrupted altar of Lugonu.
   131 | D        | Found a blossoming altar of Fedhas.
   132 | D        | Became a worshipper of Makhleb the Destroyer
   133 | D        | Found a snail-covered altar of Cheibriados.
   134 | D        | Found a shadowy altar of Dithmenos.
   135 | D        | Found a stormy altar of Qazlal.
   136 | D        | Found an opulent altar of Gozag.
   137 | D        | Found a sacrificial altar of Ru.
   194 | D        | Noticed a wasp
   194 | D        | Noticed an ice beast
   194 | D        | Noticed a soldier ant
   194 | D        | Noticed a deep elf mage
   194 | D        | Noticed a necrophage
   210 | D        | Killed a necrophage
   210 | D        | Reached skill level 10 in Long Blades
   210 | D        | Reached XP level 5. HP: 46/56 MP: 5/5
   216 | D        | Killed a deep elf mage
   216 | D        | Acquired Makhleb's first power
   216 | D        | Reached skill level 10 in Fighting
   216 | D        | Reached skill level 12 in Long Blades
   216 | D        | Reached XP level 6. HP: 46/66 MP: 6/6
   222 | D        | Killed a soldier ant
   222 | D        | Reached skill level 13 in Long Blades
   222 | D        | Reached XP level 7. HP: 45/72 MP: 7/7
   230 | D        | Killed an ice beast
   233 | D        | Acquired Makhleb's second power
   237 | D        | Killed a wasp
   237 | D        | Reached skill level 14 in Long Blades
   357 | D        | Noticed a killer bee
   357 | D        | Noticed a jelly
   357 | D        | Noticed an ogre
   357 | D        | Noticed a centaur warrior
   364 | D        | Killed a centaur warrior
   364 | D        | Reached skill level 17 in Long Blades
   364 | D        | Reached XP level 8. HP: 64/79 MP: 8/8
   369 | D        | Acquired Makhleb's third power
   375 | D        | Killed an ogre
   379 | D        | Killed a jelly
   383 | D        | Killed a killer bee
   383 | D        | Acquired Makhleb's fourth power
   559 | D        | Noticed a crocodile
   559 | D        | Noticed a giant frog
   559 | D        | Noticed a hound
   559 | D        | Noticed an iguana
   559 | D        | Noticed a hound
   565 | D        | Killed a hound
   565 | D        | Acquired Makhleb's fifth power
   571 | D        | Noticed a komodo dragon
   571 | D        | Killed an iguana
   577 | D        | Killed a hound
   581 | D        | Killed a giant frog
   581 | D        | Reached skill level 5 in Invocations
   585 | D        | Killed a crocodile
   585 | D        | Reached XP level 9. HP: 79/85 MP: 10/19
   592 | D        | Killed a komodo dragon
   610 | D        | Noticed a porcupine
   610 | D        | Noticed a crocodile
   610 | D        | Noticed a boring beetle
   610 | D        | Noticed a water moccasin
   610 | D        | Noticed a hippogriff
   610 | D        | Noticed a water moccasin
   615 | D        | Noticed a hound
   617 | D        | Killed a water moccasin
   621 | D        | Killed a hippogriff
   621 | D        | Reached skill level 10 in Invocations
   623 | D        | Noticed a giant frog
   630 | D        | Killed a water moccasin
   640 | D        | Killed a boring beetle
   644 | D        | Killed a crocodile
   649 | D        | Killed a porcupine
   654 | D        | Killed a hound
   657 | D        | Killed a giant frog
   670 | D        | Noticed an elephant
   670 | D        | Noticed an elephant
   670 | D        | Noticed an elephant
   670 | D        | Noticed an elephant
   670 | D        | Noticed a dire elephant
   670 | D        | Noticed an elephant
   670 | D        | Noticed an elephant
   677 | D        | Killed a dire elephant
   679 | D        | Killed an elephant
   679 | D        | Reached skill level 15 in Invocations
   679 | D        | Reached XP level 10. HP: 66/93 MP: 24/27
   681 | D        | Killed an elephant
   684 | D        | Killed an elephant
   685 | D        | Killed an elephant
   686 | D        | Killed an elephant
   686 | D        | Reached skill level 5 in Armour
   689 | D        | Noticed an elephant
   689 | D        | Killed an elephant
   692 | D        | Killed an elephant
   819 | D        | Noticed an orc wizard
   819 | D        | Noticed an orc warrior
   819 | D        | Noticed an orc wizard
   819 | D        | Noticed an orc wizard
   819 | D        | Noticed an orc wizard
   828 | D        | Killed an orc wizard
   830 | D        | Noticed an orc wizard
   830 | D        | Killed an orc wizard
   835 | D        | Killed an orc wizard
   837 | D        | Noticed an orc wizard
   840 | D        | Killed an orc warrior
   840 | D        | Killed an orc wizard
   842 | D        | Killed an orc wizard
   854 | D        | Killed an orc wizard
   921 | D        | Noticed an orc sorcerer
   921 | D        | Noticed an orc sorcerer
   921 | D        | Noticed an orc priest
   921 | D        | Noticed an orc wizard
   921 | D        | Noticed an orc warrior
   921 | D        | Noticed an orc warrior
   925 | D        | Noticed an orc warrior
   928 | D        | Killed an orc warrior
   929 | D        | Noticed an orc warrior
   933 | D        | Killed an orc warrior
   934 | D        | Noticed an orc warrior
   953 | D        | Killed an orc wizard
   957 | D        | Killed an orc sorcerer
   957 | D        | Reached skill level 10 in Armour
   963 | D        | Killed an orc sorcerer
   965 | D        | Killed an orc warrior
   966 | D        | Killed an orc warrior
   968 | D        | Killed an orc warrior
   969 | D        | Killed an orc priest
   977 | D        | Noticed an orc warrior
   981 | D        | Killed an orc warrior
   990 | D        | Noticed an orc warrior
   998 | D        | Killed an orc warrior
  1140 | D        | Found Sefinide's Antique Weapon Boutique.
  1140 | D        | Noticed an orc sorcerer
  1140 | D        | Noticed an orc knight
  1140 | D        | Noticed an orc sorcerer
  1140 | D        | Noticed an orc sorcerer
  1143 | D        | Killed an orc sorcerer
  1144 | D        | Noticed an orc knight
  1146 | D        | Noticed a sun demon
  1149 | D        | Noticed a rust devil
  1150 | D        | Noticed a sixfirhy
  1152 | D        | Killed an orc sorcerer
  1153 | D        | Found Ziepiak's Antique Armour Shop.
  1159 | D        | Killed an orc knight
  1159 | D        | Reached XP level 11. HP: 70/99 MP: 29/29
  1174 | D        | Paralysed by an orc sorcerer for 2 turns
  1179 | D        | Killed an orc sorcerer
  1194 | D        | Killed an orc knight
  1194 | D        | Reached skill level 15 in Armour
  1226 | D        | Found Struism's Book Boutique.
  1230 | D        | Found Brownooh's Gadget Shop.
  1234 | D        | Noticed an orc high priest
  1235 | D        | Noticed an orc high priest
  1237 | D        | Noticed an orc sorcerer
  1237 | D        | Noticed a soul eater
  1252 | D        | Killed an orc high priest
  1263 | D        | Killed an orc high priest
  1271 | D        | Killed an orc sorcerer
  1307 | D        | Bought a crude chain mail for 199 gold pieces
  1309 | D        | Bought a glowing scimitar for 120 gold pieces
  1333 | D        | Identified the +3 chain mail of Loimiat {-Cast -Tele Regen+ rCorr Int+3} (You bought it in a shop in the Dungeon)
  1437 | D        | Noticed Urug
  1460 | D        | Noticed Psyche
  1466 | D        | Killed Urug
  1478 | D        | Killed Psyche
  1505 | D        | Noticed a wolf
  1508 | D        | Killed a wolf
  1511 | D        | Noticed Grum
  1513 | D        | Noticed a wolf
  1514 | D        | Noticed a wolf
  1523 | D        | Killed Grum
  1528 | D        | Killed a wolf
  1532 | D        | Killed a wolf
  1686 | D        | Noticed a hill giant
  1686 | D        | Noticed a giant frog
  1686 | D        | Noticed a basilisk
  1686 | D        | Noticed a basilisk
  1686 | D        | Noticed a gargoyle
  1686 | D        | Noticed a centaur warrior
  1686 | D        | a basilisk changed into a raiju
  1687 | D        | Noticed a five-headed hydra
  1694 | D        | Killed a centaur warrior
  1694 | D        | Reached skill level 5 in Evocations
  1697 | D        | Killed a gargoyle
  1700 | D        | Noticed a brown ugly thing
  1704 | D        | Noticed a rakshasa
  1707 | D        | Noticed a frost giant
  1708 | D        | Killed a basilisk
  1709 | D        | Killed a giant frog
  1710 | D        | Noticed a deep elf knight
  1713 | D        | Noticed a deep troll earth mage
  1717 | D        | Killed a hill giant
  1726 | D        | Killed a five-headed hydra
  1729 | D        | Killed a brown ugly thing
  1729 | D        | Reached skill level 10 in Evocations
  1744 | D        | Noticed a fire dragon
  1744 | D        | Killed from afar by a frost giant

Action                   |  1- 3 |  4- 6 |  7- 9 | 10-12 || total
-------------------------+-------+-------+-------+-------++-------
Melee: Long sword        |    35 |     7 |       |       ||    42
       Scimitar          |       |    27 |   124 |   205 ||   356
Invok: Greater Servant o |       |       |     1 |     6 ||     7
Evoke: Wand              |       |       |       |     2 ||     2
  Use: Potion            |     2 |       |       |     3 ||     5
       Scroll            |       |       |       |     2 ||     2
  Eat: Chunk             |       |       |       |     4 ||     4
